 Dungeon Crawl Stone Soup version 0.22.1-1-ga44c0e5 (webtiles) character file.

743 Fang the Chopper (level 7, 0/44 HPs)
             Began as a Gargoyle Berserker on Oct 9, 2018.
             Was a Priest of Trog.
             Killed from afar by a white imp (9 damage)
             ... with a puff of frost
             ... summoned by Eustachio
             ... on level 4 of the Dungeon.
             The game lasted 00:03:40 (3265 turns).

Fang the Chopper (Gargoyle Berserker)               Turns: 3265, Time: 00:03:41

Health: 0/44       AC:  7    Str: 23    XL:     7   Next: 76%
Magic:  7/7        EV: 13    Int:  7    God:    Trog [***...]
Gold:   222        SH:  0    Dex:  9    Spells: 6/6 levels left

rFire    . . .     SeeInvis .   i - +0 hand axe (chop)
rCold    . . .     Gourm    .   (no shield)
rNeg     + . .     Faith    .   b - +0 animal skin
rPois    ∞         Spirit   .   (no helmet)
rElec    +         Reflect  .   (no cloak)
rCorr    .         Harm     .   (no gloves)
MR       .....                  (no boots)
Stlth    ++........             (no amulet)
HPRegen  0.14/turn              (no ring)
MPRegen  0.10/turn              (no ring)

@: no status effects
A: negative energy resistance 1, electricity resistance, unbreathing,
petrification resistance, rot immunity, AC +4
a: Berserk, Trog's Hand, Renounce Religion


You were on level 4 of the Dungeon.
You worshipped Trog.
Trog was most pleased with you.
You were near starving.

You visited 1 branch of the dungeon, and saw 4 of its levels.
You also visited: Sewer.

You collected 222 gold pieces.

Inventory:

Hand Weapons
 a - a +0 hand axe
 i - a +0 hand axe of chopping (weapon)
Armour
 b - a +0 animal skin (worn)
Wands
 p - a wand of polymorph (6)
 t - a wand of disintegration (11)
Scrolls
 e - 3 scrolls of immolation {unknown}
 f - 4 scrolls of remove curse {unknown}
 h - a scroll of enchant weapon {unknown}
 j - a scroll of amnesia {unknown}
 k - a scroll of enchant armour {unknown}
 m - 6 scrolls of teleportation {unknown}
 n - 3 scrolls of identify {unknown}
 o - 2 scrolls of blinking {unknown}
Potions
 d - 2 potions of brilliance {unknown}
 g - a potion of lignification {unknown}
 l - 2 potions of curing {unknown}
 q - a potion of invisibility {unknown}
 r - a potion of heal wounds {unknown}
 s - 2 potions of flight {unknown}
Comestibles
 c - 6 rations


   Skills:
 + Level 5.2 Fighting
 + Level 5.9 Axes
 + Level 2.4 Armour
 + Level 3.5 Dodging
 + Level 2.5 Stealth


You had 6 spell levels left.
You didn't know any spells.
Your spell library was empty.

Dungeon Overview and Level Annotations

Branches:
Dungeon (4/15)
 Temple: D:4-7

Altars:
Wu Jian

Annotations:
D:4 Eustachio


Innate Abilities, Weirdness & Mutations

You are resistant to torment.
Your stone body is resilient. (AC +4)
You are immune to poison.
You resist negative energy. (rN+)
You are resistant to electric shocks. (rElec)
You can survive without breathing.
You are immune to petrification.
You are immune to rotting.


Message History

The quokka bites you.
* * * LOW HITPOINT WARNING * * *
Unknown command.
You barely miss the quokka.
The quokka is moderately wounded.
The quokka bites you but does no damage.
Eustachio screams, "At last I'll have my revenge!"
Eustachio mumbles some strange words.
Unknown command.
You hit the quokka.
The quokka is severely wounded.
The quokka bites you but does no damage.
The quokka completely misses you.
Unknown command.
You hit the quokka.
You kill the quokka!
Trog accepts your kill. The white imp gestures at you.
The puff of frost hits you!
You die...

.... ..#
......# 5..<..
..#.# .5.. ..#
#)# #@# #)# .#
#.# .# #.# .#
#.######## # .#
#(.......# # .#
#........# #
#.#
#........######
###.#
##(......'....#


You could see 2 white imps.

Vanquished Creatures
  Menkaure (D:4)
  A black bear (D:4)
  An ogre (D:4)
  A big kobold (Sewer)
  A crimson imp (D:3)
  An orc priest (D:3)
  A hound (D:4)
  2 orc wizards (D:3)
  2 worker ants (D:4)
  Robin (D:4)
  8 adders
  A river rat (D:3)
  An ooze (D:3)
  2 worms (D:3)
  2 dart slugs
  A leopard gecko (D:4)
  4 orcs (D:3)
  4 bats
  4 giant cockroaches
  19 goblins
  6 hobgoblins
  11 kobolds
  A quokka (D:4)
  3 ball pythons
  6 frilled lizards
  18 rats
103 creatures vanquished.

Notes
Turn   | Place    | Note
-------+----------+-------------------------------------------
     0 | D:1      | Fang the Gargoyle Berserker began the quest for the Orb.
     0 | D:1      | Reached XP level 1. HP: 14/14 MP: 1/1
   413 | D:1      | Reached XP level 2. HP: 19/19 MP: 2/2
  1088 | D:2      | Reached XP level 3. HP: 18/24 MP: 3/3
  1337 | D:2      | Reached XP level 4. HP: 10/29 MP: 4/4
  1562 | D:2      | Found an ornate altar of the Wu Jian Council.
  1612 | D:2      | You fall through a shaft!
  1701 | D:3      | Reached ** piety under Trog
  1883 | D:3      | Reached XP level 5. HP: 33/33 MP: 5/5
  1889 | D:3      | Reached skill level 1 in Stealth
  2083 | D:3      | Found a glowing drain.
  2127 | Sewer    | Entered a sewer
  2195 | Sewer    | Noticed a big kobold
  2211 | Sewer    | Killed a big kobold
  2211 | Sewer    | Reached XP level 6. HP: 33/39 MP: 6/6
  2215 | Sewer    | Reached *** piety under Trog
  2231 | Sewer    | Found a white marble altar of Elyvilon.
  2992 | D:4      | Noticed Menkaure
  3000 | D:4      | Killed Menkaure
  3000 | D:4      | Reached skill level 5 in Axes
  3000 | D:4      | Reached XP level 7. HP: 44/44 MP: 7/7
  3131 | D:4      | Reached skill level 5 in Fighting
  3186 | D:4      | Noticed Eustachio
  3200 | D:4      | Noticed Robin
  3247 | D:4      | Killed Robin
  3265 | D:4      | Killed from afar by a white imp

Skill      XL: |  1  2  3  4  5  6  7 |
---------------+----------------------+-----
Axes           | 3 4 5 |  5.9
Fighting       | 4 5 |  5.2
Dodging        | 2 3 |  3.5
Stealth        | 1 2 |  2.5
Armour         | |  2.4

Action                   |  1- 3 |  4- 6 |  7- 9 || total
-------------------------+-------+-------+-------++-------
Melee: Hand axe          |    91 |   155 |    82 ||   328
Invok: Berserk           |       |     3 |     1 ||     4
 Stab: Sleeping          |     1 |     2 |     1 ||     4
  Eat: Chunk             |     1 |     8 |     1 ||    10
Armor: Animal skin       |    35 |    37 |    28 ||   100
Dodge: Dodged            |    56 |   103 |    64 ||   223
